Map: Ephemeron LE

Players

Ratl

  • Race: Protoss Protoss
  • League: Silver
  • Spawn Location: 11:00

A.I. 1 (Very Easy)

  • Race: Protoss Protoss
  • Spawn Location: 5:00

VOD

Have the link to the VOD?

Description

Time

  • Played on: Jan. 12, 2020, 11:22 a.m.
  • Length: 1:27
Show
View Real Time Build Order
Export as new Build Order

Ratl Protoss 

Build Orders: Blink Stalkers 

Get SALT Encoding   

  12  0:00  Cloaking Field x2, Concussive Shells, Terran Ship Weapons Level 2 x2, Zerg Ground Armor Level 2 x2, Protoss Air Armor Level 1 x2, Protoss Ground Weapons Level 3 x2, Terran Ship Weapons Level 1 x2, Zerg Flyer Weapons Level 2 x2, Terran Vehicle Armor Level 1 x2, Protoss Air Weapons Level 3 x2, Personal Cloaking x2, Protoss Air Armor Level 2 x2, Stimpack x2, Zerg Missile Weapons Level 3 x2, Chitinous Plating x2, Corvid Reactor x2, Zerg Melee Weapons Level 2 x2, Zerg Flyer Weapons Level 1 x2, Neosteel Frame x2, Glial Reconstitution x2, Charge x2, Gravitic Drive, Infernal Pre-Igniter x2, Zerg Flyer Weapons Level 3 x2, Neural Parasite x2, Ventral Sacs x2, Moebius Reactor, Terran Infantry Armor Level 2 x2, Protoss Ground Armor Level 3 x2, Terran Infantry Armor Level 1 x2, Resonating Glaives x2, Weapon Refit x2, Terran Ship Weapons Level 3 x2, Adrenal Glands x2, Burrow, Protoss Air Weapons Level 2 x2, Terran Ship Armor Level 1 x2, Protoss Air Armor Level 3 x2, Terran Vehicle Weapons Level 3 x2, Zerg Missile Weapons Level 2 x2, Pneumatized Carapace, Graviton Catapult, Terran Vehicle Armor Level 2 x2, Terran Vehicle Armor Level 3 x2, Tunneling Claws x2, Zerg Melee Weapons Level 3 x2, Protoss Air Weapons Level 1 x2, Protoss Shields Level 3 x2, Protoss Shields Level 1 x2, Zerg Ground Armor Level 1 x2, Terran Infantry Weapons Level 1 x2, Terran Vehicle Weapons Level 2 x2, Terran Ship Armor Level 3 x2, Protoss Ground Armor Level 2 x2, Terran Vehicle Weapons Level 1 x2, Warp Gate x2, Durable Materials x2, Terran Ship Armor Level 2 x2, Combat Shield x2, Enduring Locusts x2, Protoss Ground Weapons Level 1 x2, Terran Infantry Weapons Level 3 x2, Hi-Sec Auto Tracking, Centrifical Hooks x2, Pathogen Glands, Psionic Storm x2, Terran Infantry Armor Level 3 x2, Neosteel Armor x2, Zerg Flyer Armor Level 1 x2, Extended Thermal Lance x2, Zerg Missile Weapons Level 1 x2, Gravitic Boosters, Protoss Shields Level 2 x2, Metabolic Boost x2, Behemoth Reactor, Protoss Ground Armor Level 1 x2, Blink x2, Muscular Augments x2, Protoss Ground Weapons Level 2 x2, Zerg Melee Weapons Level 1 x2, Zerg Ground Armor Level 3 x2, Caduceus Reactor, Terran Infantry Weapons Level 2 x2, Zerg Flyer Armor Level 3 x2, Zerg Flyer Armor Level 2 x2  
  12  0:04  Burrow, Muscular Augments x2  
  12  0:06  Overlord  
    0:12  Drone x12  
    0:18  Graviton Catapult, Hi-Sec Auto Tracking, Gravitic Drive, Pathogen Glands, Behemoth Reactor, Gravitic Boosters, Moebius Reactor, Caduceus Reactor  
    0:24  Unknown  
  12  0:30  Unknown x5  
  12  0:32  Concussive Shells, Pneumatized Carapace  
    0:36  Probe x12  
    0:48  Unknown  
  12  1:06  Probe x12  
  12  1:15  Unknown x5  
  12  1:18  Unknown  
Show
View Real Time Build Order
Export as new Build Order

A.I. 1 (Very Easy) Protoss 

Build Orders: Blink Stalkers 

Get SALT Encoding   

  12  0:00  Cloaking Field x2, Concussive Shells, Terran Ship Weapons Level 2 x2, Zerg Ground Armor Level 2 x2, Protoss Air Armor Level 1 x2, Protoss Ground Weapons Level 3 x2, Terran Ship Weapons Level 1 x2, Zerg Flyer Weapons Level 2 x2, Terran Vehicle Armor Level 1 x2, Protoss Air Weapons Level 3 x2, Personal Cloaking x2, Protoss Air Armor Level 2 x2, Stimpack x2, Zerg Missile Weapons Level 3 x2, Chitinous Plating x2, Corvid Reactor x2, Zerg Melee Weapons Level 2 x2, Zerg Flyer Weapons Level 1 x2, Neosteel Frame x2, Glial Reconstitution x2, Charge x2, Gravitic Drive, Infernal Pre-Igniter x2, Zerg Flyer Weapons Level 3 x2, Neural Parasite x2, Ventral Sacs x2, Moebius Reactor, Terran Infantry Armor Level 2 x2, Protoss Ground Armor Level 3 x2, Terran Infantry Armor Level 1 x2, Resonating Glaives x2, Weapon Refit x2, Terran Ship Weapons Level 3 x2, Adrenal Glands x2, Burrow, Protoss Air Weapons Level 2 x2, Terran Ship Armor Level 1 x2, Protoss Air Armor Level 3 x2, Terran Vehicle Weapons Level 3 x2, Zerg Missile Weapons Level 2 x2, Pneumatized Carapace, Graviton Catapult, Terran Vehicle Armor Level 2 x2, Terran Vehicle Armor Level 3 x2, Tunneling Claws x2, Zerg Melee Weapons Level 3 x2, Protoss Air Weapons Level 1 x2, Protoss Shields Level 3 x2, Protoss Shields Level 1 x2, Zerg Ground Armor Level 1 x2, Terran Infantry Weapons Level 1 x2, Terran Vehicle Weapons Level 2 x2, Terran Ship Armor Level 3 x2, Protoss Ground Armor Level 2 x2, Terran Vehicle Weapons Level 1 x2, Warp Gate x2, Durable Materials x2, Terran Ship Armor Level 2 x2, Combat Shield x2, Enduring Locusts x2, Protoss Ground Weapons Level 1 x2, Terran Infantry Weapons Level 3 x2, Hi-Sec Auto Tracking, Centrifical Hooks x2, Pathogen Glands, Psionic Storm x2, Terran Infantry Armor Level 3 x2, Neosteel Armor x2, Zerg Flyer Armor Level 1 x2, Extended Thermal Lance x2, Zerg Missile Weapons Level 1 x2, Gravitic Boosters, Protoss Shields Level 2 x2, Metabolic Boost x2, Behemoth Reactor, Protoss Ground Armor Level 1 x2, Blink x2, Muscular Augments x2, Protoss Ground Weapons Level 2 x2, Zerg Melee Weapons Level 1 x2, Zerg Ground Armor Level 3 x2, Caduceus Reactor, Terran Infantry Weapons Level 2 x2, Zerg Flyer Armor Level 3 x2, Zerg Flyer Armor Level 2 x2  
  12  0:04  Burrow, Muscular Augments x2  
    0:12  Probe x12  
    0:18  Graviton Catapult, Hi-Sec Auto Tracking, Gravitic Drive, Pathogen Glands, Behemoth Reactor, Gravitic Boosters, Moebius Reactor, Caduceus Reactor  
    0:24  Unknown  
  13  0:30  Unknown x5  
  13  0:32  Concussive Shells, Pneumatized Carapace  
    0:36  Probe x12  
    0:48  Unknown  
  13  1:06  Probe x12  
  13  1:15  Unknown x5  
  13  1:18  Unknown  
Tags
 
Add a new tag
Caveats
  • Supply blocks, unpowered buildings, or Contaminate may cause inaccurate times.
  • Supply counts are checked every 10 seconds.